[Event "Late-Titled-Tuesday-Blitz-January-30-2024"]
[Site "Chess.com"]
[Date "2024.01.30"]
[Round "4"]
[White "Nouali_Mohamed"]
[Black "jinxy2009"]
[Result "0-1"]
[WhiteElo "2465"]
[BlackElo "2214"]
[TimeControl "180+1"]
[EndTime "14:39:13 PST"]
[Termination "jinxy2009 won on time"]

1. e4 c5 2. Nf3 Nc6 3. d4 cxd4 4. Nxd4 Nf6 5. Nc3 e5 6. Ndb5 d6 7. Bg5 a6 8. Na3 b5 9. Bxf6 gxf6 10. Nd5 f5 11. c3 Bg7 12. Nc2 Be6 13. g3 O-O 14. exf5 Bxf5 15. Bg2 Rc8 16. Nce3 Be6 17. a4 f5 18. axb5 axb5 19. f4 e4 20. O-O b4 21.
Ra6 bxc3 22. bxc3 Ne7 23. Rxd6 Nxd5 24. Nxd5 Qxd6 25. Nf6+ Rxf6 26. Qxd6 Bf8 27. Qe5 Rg6 28. Rb1 Rc5 29. Qd4 Rd5 30. Qa4 Bc5+ 31. Kh1 Kg7 32.
Qe8 Rd2 33. Rb7+ Kh6 34. Bf1 Rd1 35. Kg2 e3 36. Qh8 Bd5+ 37. Kh3 Bxb7 38. Be2 Rg1 39.
Kh4 Bg2 40. h3 Rh1 41. Bg4 fxg4 0-1

[Event "Late-Titled-Tuesday-Blitz-January-30-2024"]
[Site "Chess.com"]
[Date "2024.01.30"]
[Round "4"]
[White "Nemsko"]
[Black "bocah_sakit"]
[Result "1-0"]
[WhiteElo "2385"]
[BlackElo "2616"]
[TimeControl "180+1"]
[EndTime "14:39:15 PST"]
[Termination "Nemsko won on time"]

1. e4 c5 2. Nf3 Nc6 3. d4 cxd4 4.
Nxd4 g6 5. Nc3 Bg7 6. Be3 Nf6 7.
Bc4 O-O 8. Bb3 a5 9. a4 Ng4 10. Qxg4 Nxd4 11. Bxd4 Bxd4 12. Qf3 d6 13. O-O Be6 14.
Bxe6 fxe6 15. Qd3 Qb6 16. Qd2 Rac8 17. Rab1 Rxf2 18. Rxf2 Bxc3 19. bxc3 Qxb1+ 20. Rf1 Qb6+ 21. Kh1 Qc6 22. Qf4 Qe8 23. Qg4 Qd7 24. Qf4 Kh8 25.
e5 d5 26. Qh6 Kg8 27. Qf4 Qe8 28. Qg4 Rc6 29. h4 Kg7 30. Rf3 Rc4 31. Qxe6 Rxh4+ 32. Kg1 Rxa4 33. Qxd5 Ra1+ 34. Kf2 a4 35. e6 Kg8 36. Rf7 Qb8 37. Qd4 Qf8 38. Rxf8+ Kxf8 39. Qd8+ Kg7 40.
Qxe7+ Kh6 41. Qh4+ Kg7 42. Qe7+ Kh6 43. Qf8+ Kh5 44. e7 1-0

[Event "Late-Titled-Tuesday-Blitz-January-30-2024"]
[Site "Chess.com"]
[Date "2024.01.30"]
[Round "4"]
[White "ATM622"]
[Black "familijatop71"]
[Result "1-0"]
[WhiteElo "2465"]
[BlackElo "2231"]
[TimeControl "180+1"]
[EndTime "14:39:15 PST"]
[Termination "ATM622 won on time"]

1. d4 d5 2. c4 e6 3. Nf3 Nf6 4. g3 Be7 5. Bg2 O-O 6. O-O dxc4 7. Ne5 c5 8. dxc5 Qc7 9. Nxc4 Rd8 10. Qc2 Nc6 11. e3 Bxc5 12. a3 a5 13. Nc3 Be7 14. Rd1 Rxd1+ 15. Qxd1 Ne5 16. Nxe5 Qxe5 17. e4 h6 18. Bf4 Qc5 19. Be3 Qc7 20. Rc1 Qd7 21. Qc2 Ng4 22. Bb6 Bd8 23. Rd1 Bxb6 24. Rxd7 Bxd7 25.
Nd1 Rc8 26. Qd2 Bc6 27. h3 Ne5 28. b3 Rd8 29. Qc2 Nd3 30. Qe2 Nc1 31. Qc2 Nd3 32. Qc3 e5 33. Ne3 f6 34. Nd5 Bxd5 35. Qxd3 Bc6 36.
Qc2 Kf7 37. Bf1 Rd4 38. Bc4+ Kf8 39. Bd3 Rd6 40. b4 axb4 41. axb4 Rd8 42. b5 Bd7 43. h4 Be6 44. Qc3 Rc8 45. Qb4+ Kg8 46. Kg2 Bd4 47.
Qd6 1-0

[Event "Late-Titled-Tuesday-Blitz-January-30-2024"]
[Site "Chess.com"]
[Date "2024.01.30"]
[Round "4"]
[White "Sanyura"]
[Black "vesalhamedinia"]
[Result "0-1"]
[WhiteElo "2651"]
[BlackElo "2481"]
[TimeControl "180+1"]
[EndTime "14:39:18 PST"]
[Termination "vesalhamedinia won by resignation"]

1. e4 c5 2. Nf3 Nc6 3. d4 cxd4 4.
Nxd4 Nf6 5. Nc3 e5 6. Ndb5 d6 7. Bg5 a6 8. Na3 b5 9. Nd5 Be7 10. Bxf6 Bxf6 11. c4 b4 12. Nc2 Bg5 13. g3 O-O 14. h4 Bh6 15. b3 a5 16. Bh3 Be6 17. Kf1 Nb8 18. Kg2 Nd7 19. Nde3 Nc5 20. Bxe6 fxe6 21. Ng4 Kh8 22. f3 Ra7 23. Qe2 Raf7 24. Rhf1 Qb6 25. Rad1 a4 26. Nxh6 gxh6 27. Qd2 axb3 28.
axb3 Rd8 29. Qxh6 Nxb3 30. Qxe6 Rg7 31. Qf6 Nc5 32. h5 Kg8 33. Nxb4 Rf8 34. Qxd6 Qxb4 35. Rd5 Qb2+ 36. Rd2 Qb4 37. h6 Rg6 38. Qd5+ Ne6 39. Kf2 Qc3 40. Kg2 Qe3 41. Rff2 Qxh6 42. g4 Rf7 43.
Kf1 Qh1+ 44. Ke2 Nf4+ 45. Ke3 0-1

[Event "Late-Titled-Tuesday-Blitz-January-30-2024"]
[Site "Chess.com"]
[Date "2024.01.30"]
[Round "4"]
[White "carloseduar100"]
[Black "Tomytoteph"]
[Result "0-1"]
[WhiteElo "2315"]
[BlackElo "2624"]
[TimeControl "180+1"]
[EndTime "14:39:18 PST"]
[Termination "Tomytoteph won by resignation"]

1. e4 c5 2. Nf3 g6 3. g3 Bg7 4. Bg2 Nf6 5. d3 d5 6. Nbd2 dxe4 7. dxe4 Nc6 8. O-O O-O 9. c3 b6 10. Re1 Bb7 11. e5 Nd5 12. e6 f6 13. Nc4 Ba6 14.
Ne3 Nxe3 15. Bxe3 Qc8 16. Nd2 Bb7 17. a3 Rd8 18. Qc2 Ne5 19. Bxb7 Qxb7 20. f4 Rxd2 21.
Bxd2 Nf3+ 22. Kf2 Nxe1 23. Rxe1 Rd8 24. Bc1 Qd5 25. Qe4 f5 26. Qxd5 Rxd5 27. Re2 Kf8 28. Rd2 Rxd2+ 29. Bxd2 Ke8 30. b4 Kd8 31. c4 Bd4+ 32. Ke2 Kc7 33. bxc5 Bxc5 34. a4 Kd6 35. a5 bxa5 36. Bxa5 Kxe6 37. h3 a6 38. Kf3 Kd6 39.
g4 Ba3 40. Bd8 Kd7 41. Ba5 Kc6 42. Bd8 Bb4 43. Ke3 fxg4 44. hxg4 h5 45. g5 a5 46.
f5 gxf5 47. g6 Bc3 48. Bxe7 a4 49. Kf4 h4 50. Bf8 Kd7 51. g7 Bxg7 52. Bxg7 a3 53.
Bd4 a2 54. Kf3 Kc6 55. Kg2 f4 56. c5 Kd5 57. Ba1 Kxc5 58. Kf3 h3 59. Kf2 Kc4 60. Kg1 f3 61. Kf2 h2 0-1

[Event "Late-Titled-Tuesday-Blitz-January-30-2024"]
[Site "Chess.com"]
[Date "2024.01.30"]
[Round "4"]
[White "OneTrickPony_82"]
[Black "ansko1999"]
[Result "0-1"]
[WhiteElo "2497"]
[BlackElo "2670"]
[TimeControl "180+1"]
[EndTime "14:39:18 PST"]
[Termination "ansko1999 won on time"]

1. d4 Nf6 2. c4 e6 3. Nf3 Bb4+ 4.
Bd2 Bxd2+ 5. Qxd2 d5 6. Nc3 O-O 7. e3 Qe7 8. cxd5 exd5 9. Bd3 c6 10. Qc2 Re8 11. O-O Nbd7 12. Rae1 Ne4 13. Bxe4 dxe4 14. Nd2 Nf6 15. f3 exf3 16. Rxf3 Bg4 17. Rf4 Bh5 18. e4 Bg6 19. Qb3 Rad8 20. e5 Nh5 21. Rg4 Bf5 22.
h3 Bxg4 23. hxg4 Qh4 24. Re4 Ng3 25. Rf4 Qh1+ 26. Kf2 Qh2 27. Qxf7+ Kh8 28. Nf3 Nh1+ 29. Kf1 Qg3 30. Ng5 Qd3+ 31. Kg1 Ng3 32. Rf3 Qxd4+ 33. Kh2 Qxe5 34. Rxg3 Qxg5 35. Rf3 h6 36. Kg3 Qe5+ 37. Kh3 Rf8 38. Qxf8+ Rxf8 39. Rxf8+ Kh7 40. Rf5 Qe3+ 41. Rf3 Qd2 42. Ne4 Qxb2 43. Rf7 Kg6 44. Re7 Qxa2 45. Ng3 Kf6 46. Rxb7 Qa3 47. Rc7 Qa4 48. Nf5 h5 0-1

[Event "Late-Titled-Tuesday-Blitz-January-30-2024"]
[Site "Chess.com"]
[Date "2024.01.30"]
[Round "4"]
[White "Binary010"]
[Black "jsdbv18"]
[Result "1/2-1/2"]
[WhiteElo "2905"]
[BlackElo "2613"]
[TimeControl "180+1"]
[EndTime "14:39:19 PST"]
[Termination "Game drawn by repetition"]

1. e4 c5 2. Nf3 d6 3. d4 cxd4 4. Nxd4 Nf6 5. Nc3 g6 6. Be3 Bg7 7. f3 Nc6 8. Qd2 O-O 9. O-O-O d5 10. exd5 Nxd5 11. Nxc6 bxc6 12. Bd4 Bxd4 13. Qxd4 Qb6 14.
Na4 Qc7 15. g3 Rb8 16. a3 Qa5 17. Nc5 e5 18. Qf2 Bf5 19. Nb3 Qa4 20. Bd3 Bxd3 21.
Rxd3 Rfe8 22. Re1 e4 23. Rd4 e3 24. Rxe3 Qa6 25. Rxe8+ Rxe8 26. Re4 Rb8 27. Qe2 Qb6 28.
Kb1 a5 29. Re8+ Rxe8 30. Qxe8+ Kg7 31. Qe5+ Kg8 32. Qd4 Qb5 33. Ka2 Qe2 34. c4 Ne3 35. Nxa5 Qxf3 36. Nb3 h5 37. a4 Qe2 38. Nd2 Nc2 39.
Qc3 Qd1 40. Nb1 Nd4 41. a5 c5 42. Na3 Qa4 43. Kb1 Qd1+ 44. Ka2 Qa4 45. Qd3 Qxa5 46.
Qe4 Qb4 47. Qe8+ Kg7 48. Qe5+ Kg8 49. Qe8+ Kg7 50. Qe5+ Kg8 51. Qd5 Qb3+ 52. Ka1 Qd1+ 53. Ka2 Qb3+ 54. Ka1 Qd1+ 55. Ka2 Qb3+ 1/2-1/2

[Event "Late-Titled-Tuesday-Blitz-January-30-2024"]
[Site "Chess.com"]
[Date "2024.01.30"]
[Round "4"]
[White "chucksterf10"]
[Black "Felix-Rose"]
[Result "0-1"]
[WhiteElo "2613"]
[BlackElo "2384"]
[TimeControl "180+1"]
[EndTime "14:39:19 PST"]
[Termination "Felix-Rose won by resignation"]

1. c4 e6 2. Nc3 d5 3. d4 Nf6 4. g3 dxc4 5. Bg2 a6 6. a4 Nc6 7.
Nf3 Rb8 8. a5 Bb4 9. O-O Qe7 10.
d5 exd5 11. Nxd5 Nxd5 12. Qxd5 Be6 13. Qe4 h6 14. Bd2 O-O 15. Bxb4 Qxb4 16. g4 Rfd8 17. g5 Bd5 18. Qf4 Bxf3 19. Bxf3 hxg5 20. Qxg5 Qxb2 21. Rfb1 Qe5 22. Qxe5 Nxe5 23. Bxb7 c3 24. Be4 g6 25.
Rc1 f5 26. Bb1 Rd2 27. e3 Ng4 28. Ba2+ Kg7 29. Rxc3 Rxf2 30. Rxc7+ Kh6 31. Rb1 Rxb1+ 32. Bxb1 Rb2 33. Bd3 Nxh2 34. Bxa6 Nf3+ 35. Kf1 Ra2 36. Be2 Nh2+ 37. Kf2 Ng4+ 38. Kf3 Rxa5 39. Re7 Re5 40. Rxe5 Nxe5+ 41. Kf4 Nf7 42. Bc4 Kg7 43. Ba2 Kf6 44.
e4 g5+ 45. Kf3 Ne5+ 46. Ke3 f4+ 47. Kf2 g4 48. Bb3 Nd3+ 49. Ke2 Nc5 50. Bc2 Ke5 51.
Kf2 Nxe4+ 52. Kg2 f3+ 53. Kh2 Kf4 54. Bd1 g3+ 55. Kg1 Nf2 56. Ba4 Nh3+ 57. Kf1 g2+ 0-1

[Event "Late-Titled-Tuesday-Blitz-January-30-2024"]
[Site "Chess.com"]
[Date "2024.01.30"]
[Round "4"]
[White "Meri-Arabidze"]
[Black "Airquake"]
[Result "1-0"]
[WhiteElo "2751"]
[BlackElo "2545"]
[TimeControl "180+1"]
[EndTime "14:39:20 PST"]
[Termination "Meri-Arabidze won on time"]

1. Nf3 c5 2. b3 Nf6 3. Bb2 d5 4.
e3 e6 5. d4 Nc6 6. a3 Be7 7. Bd3 O-O 8. Nbd2 b6 9. O-O Bb7 10.
Ne5 Nd7 11. f4 f5 12. Ndf3 Nf6 13. Ng5 Qc8 14. dxc5 Bxc5 15. Qe2 Nxe5 16. fxe5 Ne4 17. Bxe4 dxe4 18. Bd4 Bxd4 19. exd4 h6 20. Nh3 Qc3 21. Rad1 Rac8 22. Nf4 Rfe8 23. Rd2 g5 24. Nh5 Red8 25. Nf6+ Kg7 26. Nh5+ Kg6 27. g4 Rxd4 28. Rfd1 Rxd2 29. Rxd2 Qa1+ 30. Rd1 Qxe5 31. Rd7 Rc7 32. Rd8 e3 33. h3 f4 34. Rg8+ Kh7 35. Rb8 Qa1+ 36. Qf1 Qxf1+ 37. Kxf1 Be4 38. c4 Kg6 39. Rg8+ Kh7 40. Re8 Bg6 41.
Rxe6 Rd7 42. Nf6+ Kg7 43. Nxd7 Bd3+ 44. Ke1 Bc2 45. Re5 Bxb3 46. c5 b5 47. c6 Bc4 48.
c7 f3 49. Rxe3 1-0

[Event "Late-Titled-Tuesday-Blitz-January-30-2024"]
[Site "Chess.com"]
[Date "2024.01.30"]
[Round "4"]
[White "Hamisandwich"]
[Black "jlf287"]
[Result "1-0"]
[WhiteElo "2711"]
[BlackElo "2518"]
[TimeControl "180+1"]
[EndTime "14:39:20 PST"]
[Termination "Hamisandwich won by resignation"]

1. Nc3 d5 2. d3 Nf6 3. Bg5 e6 4. e4 Be7 5. e5 Nfd7 6. Bxe7 Qxe7 7. f4 a6 8. Nf3 c5 9. Be2 Nc6 10. O-O b5 11. Qe1 Bb7 12. a3 f6 13. Qg3 O-O-O 14. Nd1 Kb8 15. c3 fxe5 16. fxe5 Rdf8 17. d4 Nb6 18. Ne3 Bc8 19. b4 c4 20. Bd1 Bd7 21.
Bc2 Kb7 22. h4 Be8 23. Qg5 h6 24. Qxe7+ Nxe7 25. g4 Bg6 26. Bd1 Bd3 27. Rf2 Rf4 28.
Ne1 Rxf2 29. Kxf2 Rf8+ 30. Kg3 g5 31. h5 Rf4 32. N1g2 Rf7 33. a4 bxa4 34. Bxa4 Nxa4 35. Rxa4 Be4 36. Ra2 Rf3+ 37. Kh2 Nc6 38. Kg1 Na7 39. Rf2 Nb5 40. Rxf3 Bxf3 41. Ne1 Be4 42. Nd1 Bb1 43.
Kf2 Ba2 44. Ng2 Bb3 45. Nge3 Kb6 46. Ke1 a5 47. bxa5+ Kxa5 48. Kd2 Ka4 49. Nf2 Ka3 50. Nh3 Kb2 51. Nxg5 hxg5 52. h6 Ba2 53. h7 Bb1 1-0

[Event "Late-Titled-Tuesday-Blitz-January-30-2024"]
[Site "Chess.com"]
[Date "2024.01.30"]
[Round "4"]
[White "zverr1"]
[Black "leotobares"]
[Result "1-0"]
[WhiteElo "2593"]
[BlackElo "2398"]
[TimeControl "180+1"]
[EndTime "14:39:20 PST"]
[Termination "zverr1 won by resignation"]

1. e4 e5 2. Nf3 Nf6 3. Nc3 Bb4 4. Nxe5 O-O 5. Nd3 Bxc3 6. dxc3 Nxe4 7. Be2 d5 8. O-O c6 9. Bf3 Bf5 10. Re1 Nd7 11.
Bf4 Qf6 12. h3 h6 13. Be3 Rfe8 14. Bd4 Qg5 15. Be3 Qf6 16. a4 a5 17. Bg4 Bxg4 18.
Qxg4 Ne5 19. Nxe5 Rxe5 20. Bd4 Rae8 21. Re2 h5 22. Bxe5 Qxe5 23. Qf3 Ng5 24. Qe3 Qxe3 25. Rxe3 Ne6 26. Rae1 Rd8 27. b3 d4 28. cxd4 Rxd4 29. Rd3 Rb4 30. Rd7 b5 31. axb5 cxb5 32. Re5 a4 33. bxa4 bxa4 34. Ra7 g6 35. g3 Rc4 36. Rea5 Rxc2 37. Rxa4 Nc5 38. Ra2 Rc1+ 39. Kg2 Nd3 40. g4 hxg4 41. hxg4 Nf4+ 42. Kf3 g5 43. R7a3 Re1 44. Rb2 Kg7 45. Re3 Rh1 46. Rb5 Rh3+ 47.
Ke4 Rh2 48. Rxg5+ Kh6 49. Kxf4 Rxf2+ 50. Kg3 Kxg5 51. Kxf2 Kxg4 52. Rg3+ Kf5 53. Rf3+ Ke6 54. Ke3 f5 55. Kf4 Kf6 56. Re3 1-0

[Event "Late-Titled-Tuesday-Blitz-January-30-2024"]
[Site "Chess.com"]
[Date "2024.01.30"]
[Round "4"]
[White "N_Mullodzhanov"]
[Black "neri_gaite"]
[Result "1-0"]
[WhiteElo "2450"]
[BlackElo "2028"]
[TimeControl "180+1"]
[EndTime "14:39:20 PST"]
[Termination "N_Mullodzhanov won on time"]

1. e4 e6 2. d4 d5 3. Nd2 c5 4.
Ngf3 cxd4 5. Nxd4 Nc6 6. Nxc6 bxc6 7. Bd3 Nf6 8. O-O Be7 9. c4 a5 10. Re1 O-O 11. b3 a4 12. Bb2 axb3 13. axb3 Bb7 14.
e5 Nd7 15. Qc2 h6 16. Nf3 Qb6 17. g3 c5 18. Kg2 d4 19. Rxa8 Rxa8 20. Bh7+ Kf8 21.
Be4 Bxe4 22. Qxe4 Rb8 23. Qh7 Ke8 24. Nd2 Qb4 25. Re2 Bf8 26. Qe4 Qb7 27. f4 Qxe4+ 28. Rxe4 Ra8 29. Nf3 Ra2 30. Re2 Nb6 31. Kf2 Na8 32. Rd2 Nc7 33. Ke2 Na6 34. g4 Nb4 35. f5 Kd7 36. h4 Be7 37. Ke1 Nc6 38. Ke2 Ra8 39. Bc1 Rb8 40. Rb2 Na5 41. Bf4 Rxb3 42. Rc2 Rb4 43. Nd2 Bxh4 44. f6 gxf6 45. Nf3 fxe5 46.
Nxe5+ 1-0

[Event "Late-Titled-Tuesday-Blitz-January-30-2024"]
[Site "Chess.com"]
[Date "2024.01.30"]
[Round "4"]
[White "miraitrunks"]
[Black "Charodej1"]
[Result "1-0"]
[WhiteElo "2140"]
[BlackElo "2288"]
[TimeControl "180+1"]
[EndTime "14:39:21 PST"]
[Termination "miraitrunks won by resignation"]

1. d4 Nf6 2. Nf3 d5 3. e3 Bg4 4. Bd3 Nbd7 5. O-O e5 6. dxe5 Nxe5 7. Be2 Bxf3 8. Bxf3 c6 9. b3 Bd6 10. Bb2 O-O 11.
Nd2 Re8 12. Re1 Nxf3+ 13. Qxf3 Ne4 14. Rad1 Qh4 15. g3 Qh6 16. Nxe4 dxe4 17. Qg4 Bb4 18.
c3 Bf8 19. Rd7 b5 20. Red1 a5 21. Qf5 a4 22. Qxf7+ Kh8 23. c4 axb3 24. axb3 bxc4 25. bxc4 Rec8 26. R1d6 Qg5 27. h4 Qg4 28. Kg2 Rcb8 29. Be5 Re8 30. Bd4 c5 31. Bxc5 Bxd6 32. Bxd6 Qg6 33.
Qxg6 hxg6 34. c5 Rac8 35. Rc7 Rxc7 36. Bxc7 Rc8 37. Bd6 Kg8 38. Kh3 Kf7 39. Kg4 Ke6 40. Kf4 Kd5 41. Kg5 Ra8 42. Kxg6 Ra2 43. Kxg7 Rxf2 44.
Bf4 Kxc5 45. h5 Rh2 46. h6 Kd5 47. h7 Kc4 1-0

[Event "Late-Titled-Tuesday-Blitz-January-30-2024"]
[Site "Chess.com"]
[Date "2024.01.30"]
[Round "4"]
[White "RodokininEV"]
[Black "english_player_89"]
[Result "0-1"]
[WhiteElo "2637"]
[BlackElo "2433"]
[TimeControl "180+1"]
[EndTime "14:39:22 PST"]
[Termination "english_player_89 won by checkmate"]

1. e4 e5 2. Nf3 Nc6 3. Bb5 a6 4. Ba4 Nf6 5. O-O Be7 6. Re1 b5 7. Bb3 d6 8. c3 O-O 9. h3 Nb8 10.
d4 Nbd7 11. Nbd2 Bb7 12. Bc2 Re8 13. Nf1 Bf8 14. Ng3 g6 15. a4 Bg7 16. Bg5 h6 17.
Be3 c6 18. Qd2 Kh7 19. Nh2 Qc7 20. f4 Rad8 21. f5 Nb6 22. Bd3 d5 23. a5 Nc4 24.
Bxc4 bxc4 25. dxe5 dxe4 26. Qf2 Qxe5 27. Bd4 Qe7 28.
Bxf6 Qxf6 29. Ng4 Qg5 30. Rxe4 c5 31. Rxe8 Rxe8 32. Rf1 h5 33. fxg6+ fxg6 34. Nf6+ Bxf6 35. Qxf6 Qxg3 36. Qf7+ Kh6 37. Qxb7 Re2 38. Qd5 Qd3 39. Qxc5 Qe4 40. Qf8+ Kg5 41. Qf6+ Kh6 42. Qf8+ Kg5 43. Qf6+ Kh6 44. Rf3 Rxb2 45. Qf8+ Kg5 46. Rg3+ Kh4 47. Qf6+ Kxg3 48. Qg5+ Qg4 49. hxg4 Rb1+ 50. Qc1 Rxc1# 0-1

[Event "Late-Titled-Tuesday-Blitz-January-30-2024"]
[Site "Chess.com"]
[Date "2024.01.30"]
[Round "4"]
[White "SuanFernandes"]
[Black "Zq1"]
[Result "0-1"]
[WhiteElo "2312"]
[BlackElo "2510"]
[TimeControl "180+1"]
[EndTime "14:39:22 PST"]
[Termination "Zq1 won on time"]

1. d4 Nf6 2. c4 a6 3. e3 e6 4. Nf3 c5 5. a3 d5 6. cxd5 exd5 7. Nc3 Nc6 8. Be2 c4 9. O-O b5 10. Ne5 Bb7 11. Bf3 Be7 12. Re1 O-O 13. Nxc6 Bxc6 14. e4 dxe4 15. Nxe4 Nxe4 16. Bxe4 Bxe4 17. Rxe4 Bf6 18.
Bf4 Qd5 19. Qe2 Rad8 20. Be5 Rfe8 21. Re1 Bxe5 22. dxe5 Qd2 23. h3 Qxe2 24. R1xe2 Rd3 25. a4 g6 26. axb5 axb5 27. f4 Rb3 28. Kf2 f6 29. e6 Kf8 30. e7+ Kf7 31. Re6 h5 32. g4 Rxh3 33.
g5 fxg5 34. fxg5 Rh2+ 35. Kg3 Rxe2 36. Rxe2 Rxe7 37. Rf2+ Kg7 38. Rd2 Re3+ 39. Kf4 Rd3 40. Re2 Kf7 41. Ke5 Rg3 42. Rf2+ Ke7 43. Kf4 Rg4+ 44.
Ke5 Rxg5+ 45. Kd4 Rf5 46. Re2+ Kd6 47. Kc3 Kc5 48. Re8 b4+ 49. Kc2 Rf2+ 50. Kc1 Rg2 51. Rc8+ Kd5 52. Rd8+ Ke6 53. Rc8 Rg4 54. Rc6+ Kf5 55.
Rb6 b3 56. Rc6 h4 57. Kd2 h3 58. Ke2 h2 59. Rc5+ Kf6 60. Rc6+ Kg7 61. Rc7+ Kh6 62.
Rc8 Rh4 0-1

[Event "Late-Titled-Tuesday-Blitz-January-30-2024"]
[Site "Chess.com"]
[Date "2024.01.30"]
[Round "4"]
[White "ChessSwole"]
[Black "MikaelyanArman"]
[Result "0-1"]
[WhiteElo "2579"]
[BlackElo "2855"]
[TimeControl "180+1"]
[EndTime "14:39:23 PST"]
[Termination "MikaelyanArman won by resignation"]

1. d4 Nf6 2. Nc3 d5 3. Bf4 a6 4. e3 e6 5. g4 Bd6 6. Nge2 Nxg4 7. Bxd6 Qxd6 8. Rg1 Nxh2 9. Nf4 Nxf1 10. Kxf1 g6 11. Qf3 Nd7 12. e4 c6 13. Re1 Kd8 14.
Nd3 Rf8 15. e5 Qe7 16. Na4 b6 17. Nf4 Qb4 18. b3 Bb7 19. c3 Qe7 20. Rh1 h5 21. Rc1 Kc7 22. c4 Kb8 23. Nc3 Ka7 24. Qe3 Rac8 25. a4 dxc4 26. bxc4 c5 27. d5 exd5 28.
Ncxd5 Qxe5 29. Qb3 a5 30. Rh3 Rfe8 31. Re3 Qd6 32.
Rce1 Rxe3 33. Rxe3 g5 34. Nxh5 Bxd5 35. cxd5 c4 36.
Qc3 Qb4 37. Ng3 Qxc3 38. Rxc3 Nf6 39. d6 Kb7 40. Rf3 Nd7 41. Rxf7 Kc6 42. Ne4 Re8 43.
f3 g4 44. Rxd7 Kxd7 45. Nf6+ Kd8 46. Nxe8 c3 47. Ke2 gxf3+ 48. Kd3 f2 49. Ke2 c2 50. Nc7 c1=Q 51. Ne6+ Kd7 52. Nf8+ Kxd6 0-1

[Event "Late-Titled-Tuesday-Blitz-January-30-2024"]
[Site "Chess.com"]
[Date "2024.01.30"]
[Round "4"]
[White "penguingm1"]
[Black "sakkikuska"]
[Result "1-0"]
[WhiteElo "2865"]
[BlackElo "2542"]
[TimeControl "180+1"]
[EndTime "14:39:24 PST"]
[Termination "penguingm1 won by resignation"]

1. d4 Nf6 2. c4 g6 3. f3 d5 4. cxd5 Nxd5 5. e4 Nb6 6. Nc3 Bg7 7. Be3 e5 8. d5 c6 9. Bc5 cxd5 10. exd5 Bf5 11. g4 Bd7 12. Ne4 Bf8 13. Be3 Bb4+ 14. Kf2 O-O 15. g5 Bf5 16. Bh3 Bxe4 17. fxe4 Nc4 18. Bc1 Bc5+ 19. Ke2 Nd6 20. Qd3 Na6 21. a3 Bd4 22. Nf3 Nc5 23. Qd1 Ncxe4 24. Nxd4 exd4 25. Qxd4 Re8 26. Kf1 Nxg5 27. Bg2 Nge4 28. Bf4 Rc8 29. Re1 Rc4 30. Qd3 Qf6 31. Qf3 Rcc8 32. h4 h5 33. Kg1 Kg7 34. Rf1 Nf5 35. Qd3 Ned6 36. Bg5 Qd4+ 37.
Qxd4+ Nxd4 38. Bf6+ Kg8 39. Bxd4 Ne4 40. Rh3 Nd2 41. Rd1 Nc4 42. Rc3 b5 43. Rdc1 Rcd8 44. Bf6 Rd6 45. Bg5 Ne5 46. Rc8 Rxc8 47. Rxc8+ Kg7 48.
Bf4 f6 49. Rc7+ Kf8 50. Bxe5 fxe5 51. Rxa7 1-0

[Event "Late-Titled-Tuesday-Blitz-January-30-2024"]
[Site "Chess.com"]
[Date "2024.01.30"]
[Round "4"]
[White "Gentlejimmy7"]
[Black "Dedic8"]
[Result "0-1"]
[WhiteElo "2538"]
[BlackElo "2810"]
[TimeControl "180+1"]
[EndTime "14:39:24 PST"]
[Termination "Dedic8 won on time"]

1. c4 e6 2. g3 d5 3. Bg2 dxc4 4. Nf3 Nf6 5. Ne5 Qd4 6. Nf3 Qb6 7. Qa4+ Qc6 8. Qc2 Na6 9. O-O Nb4 10. Qd1 Qa6 11. Ne5 Bd6 12. f4 Bxe5 13. fxe5 Ng4 14. Kh1 O-O 15. Nc3 Nxe5 16. b3 Bd7 17. Bb2 Bc6 18. Ne4 f5 19. Bxe5 Bxe4 20. Bxe4 fxe4 21. Kg2 Qc6 22. Rf4 Qd5 23. Rxf8+ Rxf8 24. Bf4 e3+ 25.
Kg1 exd2 26. Qxd2 Qxd2 27. Bxd2 Nc2 28. Rc1 Nd4 29. Rxc4 Nxe2+ 30. Kg2 Rd8 31. Be3 c5 32. Rxc5 Nd4 33. Rc7 b5 34. Rxa7 Nf5 35. Bf2 Rd2 36. a4 b4 37. Kf3 Rd3+ 38. Ke2 Rxb3 39. Rb7 Rb2+ 40. Kf3 b3 41. a5 Ra2 42. Rxb3 Rxa5 43.
g4 Ne7 44. Rb7 Nd5 45. Bd4 Nf6 46. g5 Rxg5 47. h4 Rf5+ 48. Ke3 h6 49. Bc3 Kh7 50.
Rb6 Nd5+ 0-1

[Event "Late-Titled-Tuesday-Blitz-January-30-2024"]
[Site "Chess.com"]
[Date "2024.01.30"]
[Round "4"]
[White "GlavkonVVS"]
[Black "Yaacovn"]
[Result "1-0"]
[WhiteElo "2580"]
[BlackElo "2804"]
[TimeControl "180+1"]
[EndTime "14:39:27 PST"]
[Termination "GlavkonVVS won on time"]

1. Nf3 c6 2. g3 d5 3. Bg2 g6 4.
d3 Bg7 5. O-O Bg4 6. Nbd2 Nd7 7.
c4 e6 8. Rb1 a5 9. a3 a4 10. b4 axb3 11. Qxb3 Nc5 12. Qc2 Qa5 13. h3 Bxf3 14. Bxf3 Qa4 15. Nb3 dxc4 16. dxc4 Ne7 17. Be3 Nd7 18. Rfd1 Ne5 19. Bc5 Nf5 20. Rbc1 Rd8 21.
Rxd8+ Kxd8 22. Kg2 Nxf3 23. exf3 Kc8 24. Rd1 Rd8 25.
Rxd8+ Kxd8 26. Bb6+ Ke7 27. Qd3 Qa8 28. Nc5 Qc8 29.
Nxb7 Be5 30. f4 Bb8 31. Na5 Qd7 32. Qe4 Kf8 33. Nxc6 Bd6 34. c5 Be7 35. a4 Qb7 36. Qf3 Bf6 37. a5 h5 38. Ne5 Qa6 39. c6 Ne7 40. Nd7+ Kg7 41. Nxf6 Nf5 42. Qc3 Kh6 43. Ng8+ Kh7 44. Nf6+ Kh6 45. Ne4 Kh7 46. Ng5+ Kg8 47. c7 Ne7 48. Qc5 Qa8+ 49. f3 Nc8 50. Qd4 Qa6 51. Qd8+ Kg7 52. Qd7 Qe2+ 53. Bf2 1-0

[Event "Late-Titled-Tuesday-Blitz-January-30-2024"]
[Site "Chess.com"]
[Date "2024.01.30"]
[Round "4"]
[White "tusplingher"]
[Black "Anar_Aliakbarov"]
[Result "0-1"]
[WhiteElo "2488"]
[BlackElo "2660"]
[TimeControl "180+1"]
[EndTime "14:39:28 PST"]
[Termination "Anar_Aliakbarov won on time"]

1. e4 e5 2. Nf3 Nc6 3. Nc3 Nf6 4. d4 exd4 5. Nxd4 Bb4 6. Nxc6 bxc6 7. Bd3 d5 8. Bd2 O-O 9. O-O Re8 10. Re1 Bg4 11.
Qc1 Bh5 12. exd5 cxd5 13. a3 Bd6 14. Rxe8+ Qxe8 15. Bf4 Rd8 16. Bxd6 Rxd6 17. Nb5 Rb6 18. Qe1 Qd7 19. Qe5 Rxb5 20. Bxb5 Qxb5 21. Qxc7 h6 22. b3 Bg6 23. Re1 a5 24. h3 Be4 25.
c4 Qxb3 26. cxd5 Qxd5 27. f3 Bg6 28. Rc1 Kh7 29. Qc5 Qd2 30. Rf1 a4 31. Rf2 Qd1+ 32. Kh2 Qd5 33. Qb4 Qe5+ 34. f4 Qe4 35. Qd6 Qd3 36.
Qe5 Bf5 37. Rf3 Qe4 38. Qc7 Qe6 39. Qa5 Be4 40. Re3 Qc4 41. Qe5 Bd5 42. Rc3 Qe4 43. Rg3 Qxe5 44. fxe5 Ne4 45. Rd3 Bb3 46. Rd4 Ng5 47. h4 Ne6 48. Rb4 h5 49. Kg3 Kg6 50. Rb5 Kf5 51. Rb7 Nd4 52. Re7 Be6 0-1

[Event "Late-Titled-Tuesday-Blitz-January-30-2024"]
[Site "Chess.com"]
[Date "2024.01.30"]
[Round "4"]
[White "Iball95"]
[Black "arenal72"]
[Result "1-0"]
[WhiteElo "2788"]
[BlackElo "2559"]
[TimeControl "180+1"]
[EndTime "14:39:32 PST"]
[Termination "Iball95 won by checkmate"]

1. e4 Nc6 2. Nc3 e6 3. d4 d5 4. Nf3 Nf6 5. Bd3 dxe4 6. Nxe4 Be7 7. c3 O-O 8. Qc2 h6 9. Be3 Qd5 10. Nxf6+ Bxf6 11. Be4 Qd6 12. O-O-O Bd7 13. g4 Qe7 14. h4 g6 15. Bxh6 Rfd8 16. h5 g5 17. Qd2 Na5 18. Bxg5 Ba4 19. Rdg1 c5 20. Bxf6 Qxf6 21.
g5 Qe7 22. g6 f5 23. h6 fxe4 24. g7 exf3 25. h7+ Kf7 26. h8=Q Rxh8 27. gxh8=Q Rxh8 28. Rxh8 Qf6 29. Rh7+ Kf8 30. Qh6+ Qxh6+ 31. Rxh6 cxd4 32. cxd4 Nc6 33. Rg4 Bb5 34. Rxe6 Be2 35. Kd2 Nb4 36. Rf4+ Kg7 37. a3 Nd5 38. Rg4+ Kf7 39. Re5 Nf6 40. Rf4 Kg7 41. Rg5+ Kh6 42. Rg1 Nh5 43. Rh4 b6 44. Rgh1 Kg6 45. Rxh5 Kf6 46. Re5 a6 47. Rh4 Kf7 48. Rf4+ Kg6 49. Ke3 b5 50. Re8 Kg7 51. Ra8 a5 52. Rxa5 b4 53. axb4 Kg6 54. b5 Kg7 55. b6 Kg6 56. b7 Kg7 57. b8=Q Kg6 58. Qe5 Kh7 59. Qh5+ Kg7 60. Rg5# 1-0